[Event "LTU-ch Women 2019"]
[Site "Vilnius"]
[Date "2019.03.18"]
[Round "4.1"]
[White "Ramanauskaite, Giedre"]
[Black "Kaspute, Vesta"]
[Result "0-1"]
[ECO "A05"]
[WhiteElo "1870"]
[BlackElo "2037"]
[Annotator "NA RC"]
[PlyCount "44"]
[EventDate "2019.??.??"]
[EventCountry "LTU"]
[SourceTitle "playchess.com"]
[Source "ChessBase"]
[SourceQuality "1"]
[TimeControl "5400+30"]

1. Nf3 Nf6 2. g3 g6 3. Bg2 Bg7 4. c4 O-O 5. O-O d5 6. cxd5 Nxd5 7. Nc3 Nb6 8. b3 Nc6 9. Bb2 a5 10. d3 e5 11. Ne4 a4 12. a3 axb3 13. Qxb3 Be6 14. Qc2 Na4 15. Nc5 Nxb2 16. Nxe6 fxe6 17. Qxb2 e4 18. Qxb7 exf3 19. Qxc6 fxg2 20. Qxe6+ Kh8 21. Kxg2 Bxa1 22. Rxa1 Qf6 0-1

[Event "LTU-ch Women 2019"]
[Site "Vilnius"]
[Date "2019.03.18"]
[Round "4.3"]
[White "Ravlusevic, Evelina"]
[Black "Ditmonaite, Viktorija"]
[Result "1/2-1/2"]
[ECO "E10"]
[WhiteElo "1704"]
[BlackElo "1871"]
[Annotator "NA RC"]
[PlyCount "140"]
[EventDate "2019.??.??"]
[EventCountry "LTU"]
[SourceTitle "playchess.com"]
[Source "ChessBase"]
[SourceQuality "1"]
[TimeControl "5400+30"]

1. d4 Nf6 2. c4 e6 3. Nf3 c5 4. d5 b5 5. e3 bxc4 6. Bxc4 Bb7 7. Nc3 Ba6 8. Nd2 Bxc4 9. Nxc4 d6 10. O-O Be7 11. Qf3 Nbd7 12. dxe6 fxe6 13. Qc6 d5 14. Nb5 O-O 15. Qxe6+ Kh8 16. Ncd6 Bxd6 17. Nxd6 Qb6 18. Nf7+ Kg8 19. Ng5+ Qxe6 20. Nxe6 Rf7 21. Rd1 Rc8 22. Bd2 Ne4 23. Be1 Nb6 24. f3 Nf6 25. Nf4 Rd7 26. Bc3 Kf7 27. a4 Nc4 28. Kf2 d4 29. exd4 cxd4 30. Rxd4 Rxd4 31. Bxd4 Nxb2 32. Ne2 Nd3+ 33. Ke3 Nc5 34. Nc3 Re8+ 35. Kf2 Nb3 36. Rd1 Nxd4 37. Rxd4 Re7 38. Nb5 Kg6 39. Rd8 a6 40. Nd4 Re5 41. Nb3 Re6 42. a5 Re5 43. Rd6 Rb5 44. Rb6 Rxb6 45. axb6 Nd7 46. b7 Kf5 47. Ke3 Ke5 48. f4+ Kd5 49. Nd4 a5 50. g4 a4 51. Nf5 a3 52. Nd4 a2 53. Nc2 Kc6 54. Nb4+ Kxb7 55. Nxa2 Kc6 56. Nc3 Nf6 57. g5 Ng4+ 58. Ke4 Nxh2 59. Ke5 Kd7 60. Kf5 Ke7 61. Nd5+ Kf7 62. Ke4 Nf1 63. f5 Ng3+ 64. Ke5 Nh5 65. Ne3 Ke7 66. Ng4 Kf7 67. Kd6 Ng3 68. Ne5+ Kf8 69. Ke6 Ne4 70. g6 hxg6 1/2-1/2

[Event "LTU-ch Women 2019"]
[Site "Vilnius"]
[Date "2019.03.18"]
[Round "4.4"]
[White "Simkunaite, Gabija"]
[Black "Malisauskiene, Marina"]
[Result "1/2-1/2"]
[ECO "C19"]
[WhiteElo "1820"]
[BlackElo "1869"]
[Annotator "NA RC"]
[PlyCount "73"]
[EventDate "2019.??.??"]
[EventCountry "LTU"]
[SourceTitle "playchess.com"]
[Source "ChessBase"]
[SourceQuality "1"]
[TimeControl "5400+30"]

1. e4 e6 2. d4 d5 3. Nc3 Bb4 4. e5 c5 5. a3 Bxc3+ 6. bxc3 Ne7 7. Nf3 Nbc6 8. Be2 Bd7 9. O-O Qa5 10. Bd2 c4 11. Re1 h6 12. Bf1 O-O-O 13. h3 Rdf8 14. Nh2 h5 15. Be2 g6 16. f4 f6 17. Nf3 fxe5 18. fxe5 Nf5 19. h4 Nd8 20. Kh2 Nf7 21. g3 N7h6 22. Bxh6 Nxh6 23. Qd2 Ng4+ 24. Kg2 Rf5 25. Rf1 Rhf8 26. Bd1 a6 27. Be2 Kc7 28. Bd1 Ba4 29. Ra2 Kd7 30. Be2 Qb6 31. Qc1 Qd8 32. Kg1 Qe7 33. Kg2 R8f7 34. Qd2 Qf8 35. Bd1 Kc6 36. Be2 b5 37. Bd1 1/2-1/2

[Event "LTU-ch Women 2019"]
[Site "Vilnius"]
[Date "2019.03.18"]
[Round "4.5"]
[White "Butvilaite, Berta Reja"]
[Black "Maziukaite, Kristina"]
[Result "1-0"]
[ECO "B18"]
[WhiteElo "1809"]
[BlackElo "1491"]
[Annotator "NA RC"]
[PlyCount "65"]
[EventDate "2019.??.??"]
[EventCountry "LTU"]
[SourceTitle "playchess.com"]
[Source "ChessBase"]
[SourceQuality "1"]
[TimeControl "5400+30"]

1. e4 c6 2. d4 d5 3. Nc3 dxe4 4. Nxe4 Bf5 5. Ng3 Bg6 6. h4 h6 7. h5 Bh7 8. Nf3 Nd7 9. Bd3 Bxd3 10. Qxd3 Ngf6 11. Bd2 Qc7 12. O-O-O e6 13. Rhe1 O-O-O 14. Qb3 Bd6 15. Ne4 Nxh5 16. Qa4 Kb8 17. Nxd6 Qxd6 18. Ne5 Qe7 19. Bb4 Qg5+ 20. Kb1 Nxe5 21. dxe5 Rxd1+ 22. Rxd1 Rd8 23. Bd6+ Ka8 24. a3 Nf4 25. Rd4 Ng6 26. f4 Qh4 27. g3 Qh1+ 28. Ka2 Rc8 29. Bc5 a6 30. Qa5 Qc1 31. Qb6 Kb8 32. Qa7+ Kc7 33. Bb6# 1-0

[Event "LTU-ch Women 2019"]
[Site "Vilnius"]
[Date "2019.03.18"]
[Round "4.6"]
[White "Plutaite, Ausra"]
[Black "Perminaite, Guoda"]
[Result "0-1"]
[ECO "C21"]
[WhiteElo "1378"]
[BlackElo "1814"]
[Annotator "NA RC"]
[PlyCount "140"]
[EventDate "2019.??.??"]
[EventCountry "LTU"]
[SourceTitle "playchess.com"]
[Source "ChessBase"]
[SourceQuality "1"]
[TimeControl "5400+30"]

1. e4 e5 2. d4 exd4 3. c3 d3 4. Bxd3 Nc6 5. Nf3 d6 6. Qb3 h6 7. O-O Qd7 8. Bf4 g5 9. Bg3 Bg7 10. Nbd2 Nge7 11. Bb5 a6 12. Bc4 O-O 13. Rfe1 Na5 14. Qc2 Nxc4 15. Nxc4 b5 16. Na5 Nc6 17. Nb3 Bb7 18. Rad1 Qe6 19. e5 Nxe5 20. Nxe5 dxe5 21. Nc5 Qc6 22. Nxb7 Qxb7 23. Bxe5 Rfe8 24. Bg3 Qc6 25. h4 gxh4 26. Bxh4 Qc4 27. Bg3 c5 28. a3 Qg4 29. Qd3 c4 30. Qd6 Qh5 31. Qc6 Rec8 32. Qd5 Qxd5 33. Rxd5 Rc6 34. Red1 Re8 35. Kf1 Ree6 36. Bf4 Kh7 37. Rd6 Rcxd6 38. Rxd6 Kg6 39. g4 Rxd6 40. Bxd6 Kg5 41. f3 f5 42. gxf5 Kxf5 43. Kg2 Bf6 44. f4 Kg4 45. Bc7 Bh4 46. f5 Kxf5 47. Kf3 Bg5 48. Bd6 Bc1 49. Bf8 h5 50. Ke2 Ke4 51. Kd1 Bf4 52. Be7 Bg3 53. Kc2 h4 54. Bxh4 Bxh4 55. b3 Be7 56. a4 Bg5 57. a5 Bd8 58. b4 Bg5 59. Kb1 Kd3 60. Ka2 Kxc3 61. Ka3 Bc1+ 62. Ka2 Kxb4 63. Ka1 Kxa5 64. Ka2 Ka4 65. Ka1 Ka3 66. Kb1 Bb2 67. Kc2 b4 68. Kb1 c3 69. Kc2 b3+ 70. Kb1 c2# 0-1

[Event "LTU-ch Women 2019"]
[Site "Vilnius"]
[Date "2019.03.19"]
[Round "5.1"]
[White "Kaspute, Vesta"]
[Black "Sibajeva, Marija"]
[Result "0-1"]
[ECO "B43"]
[WhiteElo "2037"]
[BlackElo "2023"]
[Annotator "NA"]
[PlyCount "66"]
[EventDate "2019.??.??"]
[EventCountry "LTU"]
[SourceTitle "playchess.com"]
[Source "ChessBase"]
[SourceQuality "1"]
[TimeControl "5400+30"]

1. e4 c5 2. Nf3 e6 3. d4 cxd4 4. Nxd4 a6 5. Nc3 b5 6. Bd3 Qb6 7. Nb3 Qc7 8. O-O Nf6 9. Qe2 d6 10. Bd2 Be7 11. a4 b4 12. Na2 a5 13. c3 bxc3 14. Nxc3 Nc6 15. Rac1 Qb7 16. Bb5 Bd7 17. f3 O-O 18. Bxc6 Bxc6 19. Nd4 Rfc8 20. Ncb5 Nd7 21. Nxc6 Rxc6 22. Rxc6 Qxc6 23. Rc1 Nc5 24. Be3 Rd8 25. e5 dxe5 26. Qc4 f5 27. b4 axb4 28. Qxb4 f4 29. Na7 Qxa4 30. Bxc5 Qxa7 31. Bxa7 Bxb4 32. Rc2 Rd7 33. Bb6 Kf7 0-1

[Event "LTU-ch Women 2019"]
[Site "Vilnius"]
[Date "2019.03.19"]
[Round "5.2"]
[White "Ditmonaite, Viktorija"]
[Black "Butvilaite, Berta Reja"]
[Result "1-0"]
[ECO "D45"]
[WhiteElo "1871"]
[BlackElo "1809"]
[Annotator "NA"]
[PlyCount "71"]
[EventDate "2019.??.??"]
[EventCountry "LTU"]
[SourceTitle "playchess.com"]
[Source "ChessBase"]
[SourceQuality "1"]
[TimeControl "5400+30"]

1. d4 d5 2. c4 c6 3. Nf3 Nf6 4. e3 e6 5. Nc3 Nbd7 6. Qc2 Bd6 7. Bd3 dxc4 8. Bxc4 b5 9. Be2 O-O 10. O-O Qc7 11. Rd1 Bb7 12. e4 e5 13. dxe5 Nxe5 14. Nxe5 Bxe5 15. g3 a6 16. Be3 Bxc3 17. bxc3 c5 18. f3 Rfe8 19. Bf4 Qa5 20. c4 Rac8 21. Bd6 Nd7 22. Qb2 b4 23. a3 Nb6 24. axb4 Qxb4 25. Qc2 Nxc4 26. Bxc4 Qb6 27. Qa2 Kh8 28. Bxf7 c4+ 29. Qf2 Qxf2+ 30. Kxf2 Red8 31. e5 Bc6 32. e6 Ra8 33. e7 Rdc8 34. Bxc4 Bxf3 35. Kxf3 Rxc4 36. Bc5 1-0

[Event "LTU-ch Women 2019"]
[Site "Vilnius"]
[Date "2019.03.19"]
[Round "5.3"]
[White "Limontaite, Simona"]
[Black "Ravlusevic, Evelina"]
[Result "1/2-1/2"]
[ECO "A06"]
[WhiteElo "2233"]
[BlackElo "1704"]
[Annotator "NA"]
[PlyCount "57"]
[EventDate "2019.??.??"]
[EventCountry "LTU"]
[SourceTitle "playchess.com"]
[Source "ChessBase"]
[SourceQuality "1"]
[TimeControl "5400+30"]

1. Nf3 d5 2. g3 Nf6 3. Bg2 c5 4. d4 e6 5. O-O Nc6 6. b3 Be7 7. Bb2 O-O 8. Nbd2 Ne4 9. dxc5 Nxc5 10. Nd4 Bf6 11. e3 e5 12. Nxc6 bxc6 13. Ba3 Qa5 14. Qc1 e4 15. Rb1 Bc3 16. b4 Qa4 17. Bb2 Qxb4 18. Ba3 Qa5 19. Nb3 Nxb3 20. cxb3 c5 21. Rd1 Be6 22. Bb2 Bxb2 23. Rxb2 Qb4 24. f3 f5 25. Qd2 a5 26. Rc2 Rac8 27. Rdc1 Rfd8 28. Qxb4 cxb4 29. Kf2 1/2-1/2

[Event "LTU-ch Women 2019"]
[Site "Vilnius"]
[Date "2019.03.19"]
[Round "5.4"]
[White "Perminaite, Guoda"]
[Black "Ramanauskaite, Giedre"]
[Result "1-0"]
[ECO "C88"]
[WhiteElo "1814"]
[BlackElo "1870"]
[Annotator "NA"]
[PlyCount "75"]
[EventDate "2019.??.??"]
[EventCountry "LTU"]
[SourceTitle "playchess.com"]
[Source "ChessBase"]
[SourceQuality "1"]
[TimeControl "5400+30"]

1. e4 e5 2. Nf3 Nc6 3. Bb5 a6 4. Ba4 Nf6 5. O-O b5 6. Bb3 Be7 7. Re1 d6 8. a4 Be6 9. Bxe6 fxe6 10. Ng5 Qc8 11. axb5 h6 12. Nxe6 Qxe6 13. bxc6 Qc4 14. Nc3 Qxc6 15. d4 exd4 16. Qxd4 O-O 17. Nd5 Nxd5 18. Qxd5+ Qxd5 19. exd5 Bf6 20. c3 Rfb8 21. Ra3 a5 22. Re2 Rb5 23. c4 Rb4 24. Rc2 a4 25. Re3 Kf7 26. Kf1 Rab8 27. Ree2 c6 28. Bf4 cxd5 29. Bxd6 Rxb2 30. Bxb8 Rxb8 31. cxd5 a3 32. Rc7+ Kf8 33. Ra7 Bb2 34. d6 Rc8 35. Re1 Re8 36. Rxe8+ Kxe8 37. Ke2 Be5 38. Re7+ 1-0

[Event "LTU-ch Women 2019"]
[Site "Vilnius"]
[Date "2019.03.19"]
[Round "5.5"]
[White "Malisauskiene, Marina"]
[Black "Maciulaityte, Barbora"]
[Result "1/2-1/2"]
[ECO "D86"]
[WhiteElo "1869"]
[BlackElo "1765"]
[Annotator "NA"]
[PlyCount "125"]
[EventDate "2019.??.??"]
[EventCountry "LTU"]
[SourceTitle "playchess.com"]
[Source "ChessBase"]
[SourceQuality "1"]
[TimeControl "5400+30"]

1. d4 Nf6 2. c4 g6 3. Nc3 d5 4. cxd5 Nxd5 5. e4 Nxc3 6. bxc3 Bg7 7. Bc4 c5 8. Be3 O-O 9. Ne2 Nc6 10. O-O Na5 11. Bd3 b6 12. Rc1 e5 13. dxc5 Qc7 14. cxb6 axb6 15. c4 Nb7 16. Nc3 Nc5 17. Nd5 Qa7 18. Bb1 Be6 19. Qd2 Rfd8 20. Rfd1 Rd7 21. Qb2 Na4 22. Qb5 Rad8 23. Bc2 Bxd5 24. Bxa4 Be6 25. Rxd7 Bxd7 26. Qxb6 Qxb6 27. Bxb6 Rb8 28. Bxd7 Rxb6 29. c5 Rb7 30. c6 Rc7 31. Rb1 Bf8 32. g4 g5 33. Kf1 Bd6 34. a4 Kf8 35. Rb5 Ke7 36. Ra5 f6 37. Ke2 Bb4 38. Rb5 Bd6 39. Kd3 Ra7 40. Bf5 Kd8 41. Rb7 Rxb7 42. cxb7 Kc7 43. Bc8 Kc6 44. Kc4 Bb8 45. f3 h6 46. Bf5 Ba7 47. Bg6 Kd6 48. Be8 Bb8 49. Kb5 Ba7 50. Bf7 Kc7 51. Ka6 Bd4 52. Kb5 Ba7 53. Bd5 Bd4 54. a5 Be3 55. b8=Q+ Kxb8 56. Kc6 Ka7 57. Bc4 Bd2 58. a6 Bf4 59. Kd6 Bxh2 60. Ke6 Bf4 61. Kxf6 Kb6 62. Kg6 Ka7 63. Kxh6 1/2-1/2

[Event "LTU-ch Women 2019"]
[Site "Vilnius"]
[Date "2019.03.19"]
[Round "5.6"]
[White "Staskeviciute, Darija"]
[Black "Simkunaite, Gabija"]
[Result "0-1"]
[ECO "A40"]
[WhiteElo "1572"]
[BlackElo "1820"]
[Annotator "NA"]
[PlyCount "68"]
[EventDate "2019.??.??"]
[EventCountry "LTU"]
[SourceTitle "playchess.com"]
[Source "ChessBase"]
[SourceQuality "1"]
[TimeControl "5400+30"]

1. d4 e6 2. c4 b6 3. Nf3 Bb7 4. e3 Nf6 5. g3 Be7 6. Bg2 O-O 7. O-O c5 8. Nc3 Na6 9. Qc2 Rc8 10. Rd1 cxd4 11. Rxd4 Nb4 12. Qe2 Bxf3 13. Bxf3 Nc6 14. Rd1 Ne5 15. b3 Nxf3+ 16. Qxf3 Qc7 17. Bb2 a6 18. Rd3 Rcd8 19. Rad1 h6 20. Ne4 Ne8 21. Nc3 f5 22. Ne2 Kh7 23. Nf4 g5 24. Ne2 Nf6 25. Nd4 Kg6 26. Qe2 e5 27. Nf3 e4 28. Ne5+ Kh7 29. R3d2 d6 30. Nf3 exf3 31. Qxf3 Kg6 32. Kg2 g4 33. Qf4 Ne4 34. Rd3 Bg5 0-1

[Event "LTU-ch Women 2019"]
[Site "Vilnius"]
[Date "2019.03.20"]
[Round "6.1"]
[White "Simkunaite, Gabija"]
[Black "Kaspute, Vesta"]
[Result "1-0"]
[ECO "B07"]
[WhiteElo "1820"]
[BlackElo "2037"]
[Annotator "NA RC"]
[PlyCount "105"]
[EventDate "2019.??.??"]
[EventCountry "LTU"]
[SourceTitle "playchess.com"]
[Source "ChessBase"]
[SourceQuality "1"]
[TimeControl "5400+30"]

1. e4 d6 2. d4 Nf6 3. Nc3 c6 4. Nf3 Bg4 5. Be2 e6 6. Bf4 Be7 7. h3 Bh5 8. g4 Bg6 9. Bd3 d5 10. e5 Ne4 11. Bxe4 dxe4 12. Ng1 Qb6 13. Nge2 Na6 14. O-O O-O-O 15. Rb1 h5 16. g5 h4 17. b4 Qc7 18. a3 Qd7 19. Qc1 Nc7 20. Qe3 Nd5 21. Nxd5 cxd5 22. Rfc1 Kb8 23. c4 Ka8 24. cxd5 exd5 25. Rc3 Rc8 26. Rbc1 Bh5 27. Rxc8+ Rxc8 28. Rxc8+ Qxc8 29. Nc3 Bf3 30. Kh2 Qc4 31. Kg1 a6 32. Qd2 f6 33. exf6 gxf6 34. g6 Bf8 35. Bh2 Qc6 36. Qf4 Qe8 37. Kf1 Bg7 38. Nxd5 Ka7 39. a4 Qc8 40. Qc7 Qxc7 41. Nxc7 f5 42. Ne6 Bh5 43. Nxg7 Bxg6 44. Ke2 Kb6 45. Ke3 Kc6 46. Bb8 Kd5 47. Ba7 Kc6 48. a5 Kd5 49. Kf4 Kc4 50. Nxf5 Kd3 51. Nxh4 Bf7 52. Nf5 Bd5 53. h4 1-0

[Event "LTU-ch Women 2019"]
[Site "Vilnius"]
[Date "2019.03.20"]
[Round "6.2"]
[White "Sibajeva, Marija"]
[Black "Perminaite, Guoda"]
[Result "1-0"]
[ECO "D02"]
[WhiteElo "2023"]
[BlackElo "1814"]
[Annotator "NA RC"]
[PlyCount "65"]
[EventDate "2019.??.??"]
[EventCountry "LTU"]
[SourceTitle "playchess.com"]
[Source "ChessBase"]
[SourceQuality "1"]
[TimeControl "5400+30"]

1. d4 d5 2. Bf4 Nf6 3. Nf3 e6 4. e3 c5 5. Nbd2 Bd6 6. c3 O-O 7. Bd3 Nc6 8. Bg3 a6 9. Ne5 Qc7 10. Nxc6 Qxc6 11. a4 b6 12. O-O Bb7 13. f4 Rfe8 14. Bh4 Ne4 15. Rf3 Be7 16. Bxe7 Rxe7 17. Rh3 h6 18. g4 f6 19. Nf3 Qd7 20. Rh4 Qe8 21. Qf1 Qg6 22. Qg2 Kf8 23. g5 fxg5 24. fxg5 Qh7 25. Ne5 Ke8 26. Rf1 cxd4 27. exd4 h5 28. Qf3 Qg8 29. Rf4 Nf6 30. gxf6 gxf6+ 31. Kh1 f5 32. Rg1 Qh7 33. Qxh5+ 1-0

[Event "LTU-ch Women 2019"]
[Site "Vilnius"]
[Date "2019.03.20"]
[Round "6.3"]
[White "Maciulaityte, Barbora"]
[Black "Ditmonaite, Viktorija"]
[Result "0-1"]
[ECO "B41"]
[WhiteElo "1765"]
[BlackElo "1871"]
[Annotator "NA RC"]
[PlyCount "74"]
[EventDate "2019.??.??"]
[EventCountry "LTU"]
[SourceTitle "playchess.com"]
[Source "ChessBase"]
[SourceQuality "1"]
[TimeControl "5400+30"]

1. e4 c5 2. Nf3 e6 3. d4 cxd4 4. Nxd4 a6 5. h3 Qc7 6. Nc3 Nf6 7. g4 Bb4 8. Nde2 Nxe4 9. Qd4 Nxc3 10. bxc3 Bf8 11. Bg2 Nc6 12. Qd1 d5 13. O-O Bd6 14. f4 O-O 15. Be3 b5 16. f5 Be5 17. Qe1 h6 18. Qh4 Qe7 19. Qf2 f6 20. Rad1 Rd8 21. Bc5 Qf7 22. Rd2 Na5 23. Nd4 Bxd4 24. Rxd4 Nc4 25. a4 Bb7 26. fxe6 Qxe6 27. Rb1 Bc6 28. Re1 Ne5 29. axb5 axb5 30. Rb4 Ra4 31. Bd4 Rda8 32. Rxa4 bxa4 33. Qf4 a3 34. c4 a2 35. cxd5 Bxd5 36. Bxd5 Qxd5 37. Ba1 Nf3+ 0-1

[Event "LTU-ch Women 2019"]
[Site "Vilnius"]
[Date "2019.03.20"]
[Round "6.5"]
[White "Butvilaite, Berta Reja"]
[Black "Malisauskiene, Marina"]
[Result "1/2-1/2"]
[ECO "C18"]
[WhiteElo "1809"]
[BlackElo "1869"]
[Annotator "NA RC"]
[PlyCount "80"]
[EventDate "2019.??.??"]
[EventCountry "LTU"]
[SourceTitle "playchess.com"]
[Source "ChessBase"]
[SourceQuality "1"]
[TimeControl "5400+30"]

1. e4 e6 2. d4 d5 3. Nc3 Bb4 4. e5 c5 5. a3 Bxc3+ 6. bxc3 Ne7 7. Qg4 g6 8. Bg5 Qa5 9. Qf3 Nbc6 10. Ne2 Nf5 11. Bd2 h5 12. g3 Qa4 13. Ra2 cxd4 14. cxd4 Ncxd4 15. Nxd4 Qxd4 16. Bc3 Qc5 17. Bb4 Qc7 18. Bb5+ Bd7 19. Bxd7+ Kxd7 20. O-O Rhc8 21. Re1 a5 22. Bd2 Qc4 23. Rb2 Rc7 24. Reb1 Kc8 25. h3 Qa4 26. g4 hxg4 27. hxg4 Nd4 28. Qh3 Qe8 29. c3 Nc6 30. Qg3 a4 31. Be3 Qf8 32. Bb6 Rd7 33. Qe3 Qh8 34. Bd4 Na5 35. Bb6 Nb3 36. c4 Qh4 37. cxd5 Qxg4+ 38. Kh2 Qh5+ 39. Kg2 Qg4+ 40. Kh2 Qh5+ 1/2-1/2

[Event "LTU-ch Women 2019"]
[Site "Vilnius"]
[Date "2019.03.20"]
[Round "6.6"]
[White "Ravlusevic, Evelina"]
[Black "Staskeviciute, Darija"]
[Result "1-0"]
[ECO "D43"]
[WhiteElo "1704"]
[BlackElo "1572"]
[Annotator "NA RC"]
[PlyCount "89"]
[EventDate "2019.??.??"]
[EventCountry "LTU"]
[SourceTitle "playchess.com"]
[Source "ChessBase"]
[SourceQuality "1"]
[TimeControl "5400+30"]

1. d4 d5 2. c4 c6 3. Nf3 Nf6 4. Nc3 e6 5. Bf4 Bd6 6. Bg3 Qc7 7. e3 Nbd7 8. Rc1 a6 9. Bd3 Bxg3 10. hxg3 dxc4 11. Bxc4 b5 12. Bd3 c5 13. O-O c4 14. Be2 Qb6 15. b3 cxb3 16. Qxb3 O-O 17. Rb1 Rb8 18. e4 Bb7 19. Bd3 Ba8 20. Qc2 h6 21. a4 b4 22. Qe2 a5 23. Nb5 Rbc8 24. Nd2 Qd8 25. Rbc1 Nb6 26. Ra1 Qd7 27. Nb3 Rfd8 28. Nxa5 Bc6 29. Nxc6 Rxc6 30. a5 Nc8 31. Qb2 Qe7 32. Rfb1 Na7 33. Qxb4 Qxb4 34. Rxb4 Nxb5 35. Bxb5 Rc2 36. f3 Nh5 37. Kh2 Ra8 38. a6 Ra7 39. Bd3 Rcc7 40. e5 f5 41. Rab1 g5 42. Rb7 Ng7 43. Rxc7 Rxc7 44. Rb7 Rc8 45. a7 1-0

[Event "LTU-ch Women 2019"]
[Site "Vilnius"]
[Date "2019.03.21"]
[Round "7.3"]
[White "Kaspute, Vesta"]
[Black "Ravlusevic, Evelina"]
[Result "0-1"]
[ECO "B96"]
[WhiteElo "2037"]
[BlackElo "1704"]
[Annotator "NA RC"]
[PlyCount "148"]
[EventDate "2019.??.??"]
[EventCountry "LTU"]
[SourceTitle "playchess.com"]
[Source "ChessBase"]
[SourceQuality "1"]
[TimeControl "5400+30"]

1. e4 c5 2. Nf3 d6 3. d4 cxd4 4. Nxd4 Nf6 5. Nc3 a6 6. Bg5 e6 7. f4 Nbd7 8. Qf3 Qc7 9. O-O-O b5 10. f5 {[%emt 0:11:06] B96: Sicilian Najdorf: 6 Bg5 e6 7 f4, lines other than 7...Qb6 and 7...Be7} (10. Bd3 Bb7 11. Rhe1 Qb6 12. Bxf6 Nxf6 13. f5 b4 14. Nce2 e5 15. Nb3 h5 16. Kb1 Be7 17. Nd2 Rc8 18. Nc4 Rxc4 19. Bxc4 Bxe4 20. Qb3 O-O {½-½ (39) Jakovenko,D (2735)-Gelfand,B (2731) Ashdod 2015}) 10... e5 11. Nde2 $146 ({Predecessor:} 11. Nb3 Bb7 12. Bxf6 Nxf6 13. Nd5 Bxd5 14. exd5 Be7 15. g4 Nd7 16. h4 h6 17. Kb1 {½-½ (17) Vasile,C (2241)-Jugaru,L (1944) Cap Aurora 2016}) 11... Bb7 12. Ng3 b4 13. Nd5 Bxd5 14. exd5 Rc8 ({Better is} 14... Be7 $15) 15. Bd3 Qa5 16. Kb1 Nxd5 {[%emt 0:08:14] [#]} (16... Be7 $14) 17. Bxa6 $2 {[%emt 0:21:57] [#]} (17. f6 $1 $16 {[%mdl 512] and life is bright.} g6 (17... N5xf6 18. Bf5) 18. Be4) 17... Nc3+ $1 {[%emt 0:00:45] Double Attack} 18. bxc3 bxc3 19. Ka1 ({But not} 19. Qb7 $2 Rb8 $19) 19... Qxa6 20. Ne4 {[%emt 0:04:14] [#]} (20. Qd3 $17 {might work better.} Qxd3 21. Rxd3) 20... Qa3 $2 (20... h6 $1 $19 21. Bc1 {[#]} d5 $1 22. Nxc3 (22. Rxd5 $2 Ra8 $19) 22... d4) 21. Bc1 Qb4 22. a3 Qa5 23. Rd3 $2 (23. Rxd6 $15 Bxd6 24. Nxd6+ Ke7 25. Nxc8+ Rxc8 26. Rd1) 23... d5 24. Rxc3 Ra8 25. Nd2 Bb4 26. Rd3 e4 27. Nxe4 dxe4 28. Qxe4+ Qe5+ 29. Qxe5+ Nxe5 30. Re3 f6 31. Bb2 O-O 32. Rb3 Bd6 33. Rd1 Rfd8 34. h4 Nc4 35. Rdd3 Nxb2 36. Kxb2 Be5+ 37. Ka2 Rdc8 38. Kb1 Ra4 39. Rb4 Ra5 40. Rd7 Rxa3 41. c4 Rca8 42. Rbb7 Ra1+ 43. Kc2 R1a2+ 44. Kd3 Rxg2 45. c5 Rg3+ 46. Kc4 h6 47. c6 $1 $11 Rc3+ $2 (47... Kh7 $19 48. Kd5 h5) (47... Rc8 48. Kb5) 48. Kb4 $1 Rg3 49. c7 $2 {[%emt 0:00:22] [#]} Bxc7 $1 50. Rbxc7 Re8 51. Rd4 Rg1 52. Kb5 Rb8+ 53. Kc6 Rc1+ 54. Kd7 Rxc7+ 55. Kxc7 Rb5 56. Rf4 Re5 57. Kd6 h5 58. Kd7 Kh7 59. Kd6 Re1 60. Kd5 Kh6 61. Kd4 Kh7 $2 (61... Rg1 $19 62. Ke3 g5 63. fxg6 Kxg6) 62. Kd3 Kg8 63. Kd2 Re5 64. Kd3 Kf7 65. Kd4 Ke7 66. Rf1 Kd6 67. Rf2 Ra5 68. Ke3 $2 (68. Ke4 {was necessary.}) 68... Ra3+ (68... Ke5 $142 69. Kf3 Kxf5 70. Kg3+ Ke6) 69. Kf4 Ra4+ 70. Kg3 Rg4+ 71. Kf3 $2 (71. Kh3 {nothing else works.}) 71... Ke5 72. Ra2 Kxf5 73. Ra7 Kg6 74. Rb7 $19 Rxh4 0-1

[Event "LTU-ch Women 2019"]
[Site "Vilnius"]
[Date "2019.03.21"]
[Round "7.4"]
[White "Perminaite, Guoda"]
[Black "Butvilaite, Berta Reja"]
[Result "1-0"]
[ECO "B33"]
[WhiteElo "1814"]
[BlackElo "1809"]
[Annotator "NA RC"]
[PlyCount "63"]
[EventDate "2019.??.??"]
[EventCountry "LTU"]
[SourceTitle "playchess.com"]
[Source "ChessBase"]
[SourceQuality "1"]
[TimeControl "5400+30"]

1. e4 c5 2. Nf3 Nc6 3. d4 cxd4 4. Nxd4 Nf6 5. Nc3 e5 6. Ndb5 d6 7. Bg5 a6 8. Na3 b5 9. Nd5 (9. Bxf6 $5 gxf6 10. Nd5 $11) 9... Be7 10. Bxf6 Bxf6 11. c4 b4 12. Nc2 a5 13. g3 {[%emt 0:00:47] B33: Sicilian: Pelikan and Sveshnikov Variations} O-O 14. Bg2 Rb8 15. b3 Be7 16. Nde3 $146 ({Predecessor:} 16. O-O Be6 17. Nce3 Nd4 18. f4 Bxd5 19. Nxd5 Qd7 20. Qd3 Qa7 {1-0 (47) Nitin,S (2355)-Kulkarni,V (1990) Hyderabad 2013}) 16... Kh8 17. O-O Qb6 18. Qd3 g6 19. Rad1 Be6 20. Nd5 (20. Kh1 $14) 20... Bxd5 $1 21. Qxd5 f5 $2 (21... a4 $11) 22. exf5 Rxf5 23. Qxc6 Qa7 24. Ne3 Rb6 25. Qa8+ Qxa8 26. Bxa8 Rf8 27. Be4 Ra6 28. Nd5 Bd8 29. Rd3 Kg7 30. Kg2 h5 31. h4 g5 32. hxg5 $18 1-0

[Event "LTU-ch Women 2019"]
[Site "Vilnius"]
[Date "2019.03.21"]
[Round "7.5"]
[White "Malisauskiene, Marina"]
[Black "Maziukaite, Kristina"]
[Result "1/2-1/2"]
[ECO "D18"]
[WhiteElo "1869"]
[BlackElo "1491"]
[Annotator "NA RC"]
[PlyCount "80"]
[EventDate "2019.??.??"]
[EventCountry "LTU"]
[SourceTitle "playchess.com"]
[Source "ChessBase"]
[SourceQuality "1"]
[TimeControl "5400+30"]

1. d4 d5 2. Nf3 Nf6 3. c4 c6 4. Nc3 dxc4 5. a4 Bf5 6. e3 e6 7. Bxc4 Nbd7 8. O-O Be7 {[%emt 0:01:12] LiveBook: 18 Games} 9. Qe2 Bg4 {[%emt 0:02:51] D18: Slav Defence: 5 a4 Bf5 6 e3} (9... O-O 10. e4 Bg4 11. Rd1 Qa5 12. h3 Bxf3 13. Qxf3 e5 14. d5 Nb6 15. d6 Bxd6 16. Rxd6 Ne8 17. b4 Qxb4 {1-0 (35) Benidze,D (2525)-Khamrakulov,D (2478) Cesme 2017}) 10. Rd1 c5 (10... a6 $14) 11. d5 $146 ({Predecessor:} 11. e4 cxd4 12. Rxd4 Bxf3 13. gxf3 {0-1 (40) Tsabazis,G (1825)-Margaritis,F (1940) Greece 2001}) 11... exd5 12. Nxd5 O-O 13. e4 (13. h3 $16 Bxf3 14. Qxf3 Nxd5 15. Bxd5 (15. Rxd5 Qc8 $16)) 13... Nxd5 14. Bxd5 Qc7 15. h3 Bh5 $1 16. Be3 Nf6 17. Rac1 Nxd5 {[%emt 0:03:26] Rxd} 18. Rxd5 Bxf3 $1 19. Qxf3 b6 20. b4 Qc6 21. bxc5 bxc5 22. Bxc5 Bxc5 23. Rdxc5 Qxa4 24. e5 Qd7 25. Rc7 Qe6 26. R1c5 a5 27. Qa3 a4 28. Rb5 h6 29. Re7 Qf5 30. Rbb7 Ra6 31. Qa2 h5 32. h4 Re6 33. Qxa4 Rxe5 34. Qd4 Rxe7 35. Rxe7 Rc8 36. g3 Qf3 37. Qd2 Qf6 38. Rd7 $11 Ra8 39. Kg2 Re8 40. Qd5 g6 1/2-1/2